 Dungeon Crawl Stone Soup version 0.29-a0-565-g7a16c6de65 (webtiles) character file.

Game seed: 18261523468777513656

3308 Querens the Protected (level 10, -15/88 (90) HPs)
             Began as a Meteoran Fighter on June 12, 2022.
             Was a Priest of Okawaru.
             Demolished by a bunyip (31 damage)
             ... on level 8 of the Dungeon.
             The game lasted 00:18:17 (4555 turns).

Querens the Protected (Meteoran Fighter)            Turns: 4555, Time: 00:18:17

HP:   -15/88 (90)   AC: 17    Str: 23    XL:     10   Next: 44%
MP:   14/15         EV: 10    Int: 10    God:    Okawaru [***...]
Gold: 177           SH:  8    Dex: 19    Spells: 9/9 levels left

rFire   . . .      SeeInvis .   u - +2 hand axe (elec)
rCold   + . .      Faith    .   c - +0 buckler
rNeg    . . .      Spirit   .   f - +0 plate armour
rPois   .          Reflect  .   (no helmet)
rElec   .          Harm     .   r - +0 cloak
rCorr   .          Rampage  .   (no gloves)
Will    +....                   (no boots)
Stlth   ..........              (no amulet)
HPRegen 0.24/turn               k - ring of protection from cold
MPRegen 0.14/turn               h - +6 ring of dexterity

@: heroic, glowing, studying Fighting, lightly drained
A: sense surroundings 2, otherworldly, glowing, explore regen
a: Renounce Religion, Heroism


You were on level 8 of the Dungeon.
You worshipped Okawaru.
Okawaru was most pleased with you.
You visited 2 branches of the dungeon, and saw 9 of its levels.

You collected 482 gold pieces.
You spent 305 gold pieces at shops.

Inventory:

Hand Weapons
 a - a +0 war axe
 s - the +4 mace of Quolofea {pain, Will+ Stlth+}
   (You found it on level 4 of the Dungeon)

   In the hands of one skilled in necromantic magic, it inflicts extra damage on
   living creatures.
   Will:      It increases your willpower.
   Stlth:     It makes you more stealthy.
 u - a +2 hand axe of electrocution (weapon)
Missiles
 n - a throwing net (quivered)
Armour
 c - a +0 buckler (worn)
 f - a +0 plate armour (worn)
 r - a +0 cloak (worn)
 t - a +1 leather armour of cold resistance
Magical Staves
 q - a staff of death
Jewellery
 h - a +6 ring of dexterity (right hand)
 k - a ring of protection from cold (left hand)
 w - a ring of magical power
Wands
 b - a wand of digging (8)
 F - a wand of polymorph (4)
Scrolls
 l - 3 scrolls of fog
 m - 3 scrolls of enchant weapon
 o - a scroll of torment {unknown}
 p - a scroll of fear
 x - a scroll of teleportation {unknown}
 y - a scroll of immolation {unknown}
 z - 3 scrolls of magic mapping
 A - a scroll of noise
 E - a scroll of amnesia {unknown}
 G - a scroll of identify
 H - a scroll of enchant armour {unknown}
 I - a scroll of poison {unknown}
Potions
 d - 3 potions of might
 e - a potion of attraction
 g - a potion of haste
 i - 3 potions of heal wounds
 j - 2 potions of lignification
 v - a potion of ambrosia
 B - a potion of cancellation
 C - a potion of mutation {unknown}
 D - a potion of brilliance {unknown}


   Skills:
 + Level 8.5(13.5) Fighting
 + Level 8.2(13.2) Axes
 + Level 8.7(13.7) Armour
 + Level 8.6(13.6) Shields
 + Level 5.5 Invocations


You had 9 spell levels left.
You didn't know any spells.
Your spell library contained the following spells:

 Spells                   Type           Power      Damage    Failure   Level
 Static Discharge         Conj/Air       0%         N/A       99%         2
 Dazzling Flash           Conj/Hex       0%         N/A       100%        3
 Ozocubu's Armour         Ice            0%         N/A       100%        3
 Agony                    Necr           0%         N/A       100%        5
 Lightning Bolt           Conj/Air       0%         1d11      100%        5
 Metabolic Englaciation   Hex/Ice        0%         N/A       100%        5
 Silence                  Hex/Air        0%         N/A       100%        5
 Maxwell's Capacitive Co  Air            0%         ∞         100%        8
 Simulacrum               Ice/Necr       Unusable   N/A       N/A         6

Dungeon Overview and Level Annotations

Branches:
Dungeon (8/15)             Temple (1/1) D:5
   Lair: D:8-11

Altars:
Ashenzari
Cheibriados
Dithmenos
Elyvilon
Fedhas
Hepliaklqana
Kikubaaqudgha
Makhleb
Okawaru
Qazlal
Ru
Sif Muna
Trog
Uskayaw
Vehumet
Wu Jian
Xom
Yredelemnul
Zin
The Shining One

Shops:
D:2 !   D:5 ?

Portals:
Bailey: D:8

Annotations:
D:8 1 runed translucent door, flestrin's ghost, novice DrTm


Innate Abilities, Weirdness & Mutations

You passively map the area around you.
You are easily found by Zot.
You glow in the dark.
You regain HP and MP as you explore.


Message History

Unknown command.
Unknown command.
You barely miss the bunyip.
The bunyip is lightly wounded.
You block the bunyip's attack.
The bunyip claws you but does no damage. x2
Unknown command.
Unknown command.
You slash the bunyip!
The bunyip is moderately wounded.
The wight closely misses you.
Unknown command.
Unknown command.
You hit the bunyip but do no damage.
The bunyip is moderately wounded.
The wight hits you from afar with a +3 halberd!
You feel drained.
Unknown command.
Unknown command.
You hit the bunyip.
The bunyip is moderately wounded.
Unknown command.
Unknown command.
You closely miss the bunyip.
The bunyip is moderately wounded.
The wight hits you but does no damage.
Unknown command.
Unknown command.
You hit the bunyip but do no damage. Lightning courses through the bunyip!!
The bunyip is heavily wounded.
The bunyip howls a warning cry!
You block the wight's attack.
Unknown command.
Unknown command.
You slash the bunyip!
The bunyip is severely wounded.
The bunyip claws you!!
* * * LOW HITPOINT WARNING * * *
The bunyip barely misses you. The bunyip claws you!!
You die...

, **#########..#...........###
#..............# #
*#.#............#
###..#...........#* ##
#######................# ##.
,........≈≈≈≈≈≈≈.......## #..
* , ........≈#####≈.).....#
##.. , ........≈#...#≈......##
#...
........zzx@.#≈......####...
,,........≈#.).#≈.......##....
,,
,........≈#####≈.#..##..#....
, ,,
........≈≈≈≈≈≈≈.######......
......$.........# ##.....
,,......g<.......## ##....
...........##### ##...
,....D......# * ###. ,,
...........# , , * #


You could see a bunyip (catching breath) and 2 wights.

Vanquished Creatures
  Pikel (D:5)
  Psyche (D:8)
  Grinder (D:3)
  Sigmund (D:2)
  Eustachio (D:5)
  A steam dragon (D:6)
  A water moccasin (D:8)
  Duvessa (D:5)
  3 ice beasts
  A lemure (D:5)
  A kobold brigand (D:8)
  A bullfrog (D:7)
  2 scorpions
  10 wights
  Dowan (D:5)
  5 hounds
  A jelly (D:6)
  Crazy Yiuf (D:4)
  2 iguanas
  Jessica (D:2)
  Natasha (twice) (D:3)
  2 orc wizards
  3 gnolls (D:7)
  8 adders
  2 shadow imps
  An ufetubus (D:6)
  6 worms
  3 dart slugs
  21 orcs
  4 bats
  2 endoplasms
  4 giant cockroaches
  12 goblins
  3 hobgoblins
  10 kobolds
  2 quokkas
  7 ball pythons
  7 frilled lizards
  4 rats
140 creatures vanquished.

Vanquished Creatures (others)
  A worm (D:6)
  A plant (D:1)
2 creatures vanquished.

Grand Total: 142 creatures vanquished

Notes
Turn   | Place    | Note
-------+----------+-------------------------------------------
     0 | D:1      | Querens the Meteoran Fighter began the quest for the Orb.
     0 | D:1      | Reached XP level 1. HP: 19/19 MP: 2/2
   134 | D:1      | Reached XP level 2. HP: 26/26 MP: 3/3
   483 | D:1      | Glimpsed the power of Zot.
   533 | D:1      | Glimpsed the power of Zot.
   577 | D:2      | Noticed Jessica
   585 | D:2      | Killed Jessica
   586 | D:2      | Reached XP level 3. HP: 29/33 MP: 4/4
   586 | D:2      | Reached XP level 4. HP: 35/40 MP: 5/5
   708 | D:2      | Found Ungaargh's Distillery.
   717 | D:2      | Bought a potion of curing for 30 gold pieces
   717 | D:2      | Bought a potion of heal wounds for 50 gold pieces
   717 | D:2      | Bought a potion of lignification for 30 gold pieces
   946 | D:2      | Noticed Sigmund
   964 | D:2      | Killed Sigmund
   965 | D:2      | Reached skill level 5 in Armour
   965 | D:2      | Reached XP level 5. HP: 36/47 MP: 6/6
   965 | D:2      | Reached XP level 6. HP: 41/53 MP: 7/7
  1019 | D:2      | Reached skill level 5 in Shields
  1051 | D:2      | Glimpsed the power of Zot.
  1124 | D:3      | Noticed Natasha
  1130 | D:3      | Killed Natasha
  1299 | D:3      | Noticed Grinder
  1327 | D:3      | Killed Grinder
  1328 | D:3      | Reached skill level 5 in Fighting
  1328 | D:3      | Reached XP level 7. HP: 29/61 MP: 8/8
  1576 | D:3      | Noticed Natasha
  1585 | D:3      | Killed Natasha
  1614 | D:3      | Glimpsed the power of Zot.
  1748 | D:4      | Found a runed translucent door.
  1749 | D:4      | Noticed Crazy Yiuf
  1757 | D:4      | Killed Crazy Yiuf
  1758 | D:4      | Reached skill level 5 in Axes
  1767 | D:4      | Identified the +4 mace of Quolofea {pain, Will+ Stlth+}
  1998 | D:4      | Found a shimmering altar of Xom.
  2021 | D:4      | Reached XP level 8. HP: 63/69 MP: 9/9
  2022 | D:4      | Found a radiant altar of Vehumet.
  2156 | D:5      | Entered Level 5 of the Dungeon
  2268 | D:5      | Found a staircase to the Ecumenical Temple.
  2277 | Temple   | Entered the Ecumenical Temple
  2368 | Temple   | Became a worshipper of Warmaster Okawaru
  2554 | D:5      | Noticed Duvessa
  2554 | D:5      | Noticed Dowan
  2565 | D:5      | Killed Duvessa
  2565 | D:5      | Killed Dowan
  2655 | D:5      | Noticed Eustachio
  2669 | D:5      | Killed Eustachio
  2669 | D:5      | Reached * piety under Okawaru
  2720 | D:5      | Found Lusedd's Magic Scroll Boutique.
  2729 | D:5      | Bought a scroll of identify for 20 gold pieces
  2729 | D:5      | Bought a scroll of identify for 20 gold pieces
  2729 | D:5      | Bought a scroll of magic mapping for 35 gold pieces
  2729 | D:5      | Bought a scroll of fear for 35 gold pieces
  2729 | D:5      | Bought a scroll of noise for 10 gold pieces
  2729 | D:5      | Bought a scroll of enchant weapon for 75 gold pieces
  2916 | D:5      | Noticed Pikel
  2939 | D:5      | Killed Pikel
  2939 | D:5      | Reached ** piety under Okawaru
  2940 | D:5      | Gained mutation: You passively map the area around you.
                  | [Meteoran growth]
  2940 | D:5      | Reached XP level 9. HP: 56/78 MP: 9/12
  2960 | D:5      | Glimpsed the power of Zot.
  3384 | D:6      | Reached *** piety under Okawaru
  3562 | D:6      | Glimpsed the power of Zot.
  3615 | D:7      | Identified a scroll of acquirement
  3616 | D:7      | Acquired a manual of Fighting
  3780 | D:7      | Reached XP level 10. HP: 86/86 MP: 14/14
  4158 | D:7      | Glimpsed the power of Zot.
  4208 | D:7      | Glimpsed the power of Zot.
  4212 | D:8      | Noticed Psyche
  4227 | D:8      | Killed Psyche
  4228 | D:8      | Reached skill level 5 in Invocations
  4240 | D:8      | Found a runed translucent door.
  4258 | D:8      | Noticed flestrin's ghost (novice DrTm)
  4381 | D:8      | Found a stormy altar of Qazlal.
  4523 | D:8      | Noticed a four-headed hydra
  4529 | D:8      | Found a flagged portal.
  4545 | D:8      | Noticed a bunyip
  4545 | D:8      | a four-headed hydra changed into a bunyip
  4555 | D:8      | Demolished by a bunyip

Illustrated notes

Levels and vault maps discovered:
D:1:      dpeg_arrival_three_same_balls, layout_basic,
          dreamdust_ecumenical_altar_hidden_monk_grotto, st_stairs_7,
          serial_bayou_crossing
D:2:      layout_loops_corners, serial_shops, shop_fountains,
          chequers_serial_rivers_room_b, uniq_jessica, uniq_sigmund
D:3:      layout_loops_corners, nicolae_wormholes, uniq_grinder, uniq_natasha
D:4:      layout_basic, mainiacjoe_overflow_catwalk_spiral,
          uniq_crazy_yiuf_cottage
D:5:      nicolae_cairo_tiling, layout_basic, temple_hall, serial_shops,
          nicolae_stop_n_shop_1, skrybe_limestone_x, minivault_4, uniq_duvessa,
          uniq_eustachio, uniq_pikel
D:6:      layout_gridville
D:7:      layout_loops_corners, serial_rivers, chequers_serial_rivers_micro_b,
          chequers_serial_rivers_room_a, chequers_serial_rivers_small_b,
          chequers_serial_rivers_marsh, chequers_serial_rivers_small_b,
          chequers_serial_rivers_micro_e, chequers_serial_rivers_room_b,
          roderic_lattice_a
D:8:      layout_cave_pods, nicolae_qazlal_general_emergency,
          ebering_ghost_reflecting_pool, enter_bailey_3, uniq_psyche
Temple:   minmay_crystal_spiral_temple

Skill      XL: |  1  2  3  4  5  6  7  8  9 10 |
---------------+-------------------------------+-----
Axes           | 3 4 5 6 7 8 |  8.2
Armour         | 4 5 6 7 8 |  8.7
Shields        | 4 5 7 8 |  8.6
Fighting       | 4 5 6 7 8 |  8.5
Invocations    | 2 4 5 |  5.5

Action                   |  1- 3 |  4- 6 |  7- 9 | 10-12 || total
-------------------------+-------+-------+-------+-------++-------
Melee: War axe           |    37 |   116 |   149 |       ||   302
       Hand axe          |       |       |   136 |    75 ||   211
Invok: Heroism           |       |       |       |     2 ||     2
Evoke: Wand              |       |       |       |     1 ||     1
  Use: Potion            |       |     1 |       |       ||     1
       Scroll            |       |       |     4 |     4 ||     8
Armor: Scale mail        |    28 |     9 |       |       ||    37
       Plate armour      |       |    60 |   193 |    37 ||   290
Dodge: Dodged            |     9 |    26 |    55 |    15 ||   105
Block: Buckler           |    12 |    31 |    69 |    25 ||   137

Table legend: (Time is in decaauts)
 A = Elapsed time spent in this place.
 B = Non-inter-level travel time spent in this place.
 C = Inter-level travel time spent in this place.
 D = Time resting spent in this place.
 E = Time spent auto-exploring this place.
 F = Levels seen in this place.
 G = Mean time per level.
                   A        B        C        D        E       F      G
               +--------+--------+--------+--------+--------+-----+--------+
         Total |   4662 |   4450 |    212 |      0 |      0 |   9 |  518.0 |
       Dungeon |   4490 |   4358 |    132 |      0 |      0 |   8 |  561.2 |
        Temple |    172 |     92 |     80 |      0 |      0 |   1 |  172.0 |
               +--------+--------+--------+--------+--------+-----+--------+

Top non-repeatable levels by time:
     D:5: 662 daAuts
     D:6: 628 daAuts
     D:7: 608 daAuts
     D:3: 582 daAuts
     D:2: 568 daAuts
     D:1: 565 daAuts
     D:4: 538 daAuts
     D:8: 336 daAuts
  Temple: 172 daAuts
